 Dungeon Crawl Stone Soup version 0.18.1-8-gdd0e5ea (webtiles) character file.

291 Gargoyl the Skirmisher (level 6, -8/75 HPs)
             Began as a Demonspawn Abyssal Knight on June 4, 2016.
             Was a Believer of Lugonu.
             Mangled by an ogre
             ... wielding a +0 giant club
              (14 damage)
             ... on level 4 of the Dungeon.
             The game lasted 00:07:48 (3052 turns).

Gargoyl the Skirmisher (Demonspawn Abyssal Knight)  Turns: 3052, Time: 00:07:49

Health: -8/75      AC: 24    Str: 15    XL:     6   Next: 10%
Magic:  8/8        EV:  2    Int: 13    God:    Lugonu [**....]
Gold:   123        SH:  0    Dex: 12    Spells: 0 memorised, 5 levels left

rFire  . . .     SeeInvis .     a - +1 hand axe
rCold  . . .     Gourm    .     (armour currently unavailable)
rNeg   + + +     Faith    .     (no shield)
rPois  +         Spirit   .     (helmet currently unavailable)
rElec  .         Dismiss  .     (cloak currently unavailable)
rCorr  .         Reflect  .     (gloves currently unavailable)
SustAt .         Harm     .     (boots currently unavailable)
MR     .....     NoTele   +     (no amulet)
Stlth  +.........               q - +1 ring of protection
                                e - +2 ring of evasion

@: tree-form, not resistant to hostile enchantments, very unstealthy
A: (claws 0), rugged brown scales 1, powered by death 1
a: Depart the Abyss, Bend Space, Renounce Religion


You were on level 4 of the Dungeon.
You worshipped Lugonu.
Lugonu was pleased with you.
You were very hungry.
You were a tree.
You visited 1 branch of the dungeon, and saw 4 of its levels.
You visited the Abyss 1 time.

You collected 123 gold pieces.

Inventory:

Hand Weapons
 a - a +1 hand axe (weapon)
Missiles
 g - 7 javelins (quivered)
Armour
 l - a +0 plate armour (melded)
 y - a +1 cloak (melded)
Jewellery
 e - a +2 ring of evasion (left branch)
 q - a +1 ring of protection (right branch)
Wands
 p - a wand of random effects (22/48)
Scrolls
 f - a scroll of noise {unknown}
 i - 2 scrolls of fog {unknown}
 j - a scroll of enchant weapon {unknown}
 m - 2 scrolls of recharging {unknown}
 n - 3 scrolls of teleportation {unknown}
 t - 6 scrolls of identify {unknown}
 v - 3 scrolls of blinking {unknown}
 w - a scroll of fear {unknown}
Potions
 d - a potion of flight
 k - 2 potions of heal wounds {unknown}
 r - a potion of brilliance {unknown}
 s - 2 potions of curing {unknown}
 u - 2 potions of agility {unknown}
Comestibles
 b - a royal jelly
 c - 3 bread rations
 h - 3 meat rations
 x - a slice of pizza


   Skills:
 + Level 4.4 Fighting
 + Level 2.8 Axes
 * Level 4.1 Armour
 + Level 1.2 Dodging
 + Level 2.9 Invocations


You had 5 spell levels left.
You didn't know any spells.

Dungeon Overview and Level Annotations

Branches:
Dungeon (4/15)
 Temple: D:4-7

Altars:
Cheibriados
Elyvilon
Kikubaaqudgha
Nemelex Xobeh
Okawaru
Pakellas
Ru
Xom


Innate Abilities, Weirdness & Mutations

((You have sharp fingernails.))
(You are partially covered in rugged brown scales (AC +1, +3% HP).)
You regenerate a little health from kills.


Message History

The ogre is almost dead.
The ogre barely misses you.
You barely miss the ogre.
The ogre is almost dead.
The ogre hits you but does no damage.
You hit the ogre.
The ogre is almost dead.
The ogre barely misses you.
You hit the ogre but do no damage.
The ogre is almost dead.
The ogre hits you with a giant club!
* * * LOW HITPOINT WARNING * * *
Drink which item? (? for menu, Esc to quit)
You turn into a tree.
Your +1 cloak melds into your body.
Your +0 plate armour melds into your body.
Your roots penetrate the ground.
The ogre hits you but does no damage.
You hit the ogre but do no damage.
The ogre is almost dead.
The ogre hits you with a giant club!
You die...

#.# #.# #.# ##.# ########
...######... ..#
##........# #.#
##.#####..####(#
##(##..........########
#.##.##..####..♣O....#
#........####.####......#
##............# $#.##.#
#.#.##.####### .. #
#.#.##.# ..# #.#.##.# ..#
#<.....# ... #####.####
#.# .####.#


You could see an ogre.

Vanquished Creatures
  A howler monkey (D:4)
  Ijyb (D:2)
  Natasha (thrice) (D:2)
  2 worker ants (D:4)
  4 adders
  An ooze (D:4)
  2 dart slugs
  2 giant geckos
  3 giant cockroaches
  6 goblins
  9 hobgoblins
  2 jackals (D:2)
  2 quokkas
  2 ball pythons (D:1)
  5 bats
  8 giant newts
  6 kobolds
  5 rats
64 creatures vanquished.

Notes
Turn   | Place    | Note
--------------------------------------------------------------
     0 | Abyss:1  | Gargoyl the Demonspawn Abyssal Knight began the quest for the Orb.
     0 | Abyss:1  | Reached XP level 1. HP: 18/18 MP: 2/2
    31 | Abyss:1  | Noticed a small abomination
    41 | Abyss:1  | Noticed a large abomination
    41 | D:1      | Escaped the Abyss
   153 | D:1      | Reached * piety under Lugonu
   158 | D:1      | Gained mutation: You regenerate a little health from kills. [demonic ancestry]
   158 | D:1      | Reached XP level 2. HP: 24/24 MP: 3/3
   415 | D:1      | Got a pitted buckler
   421 | D:1      | Identified the -3 buckler of the Exiled Eyes {MP+9 Dex+4} (You found it on level 1 of the Dungeon)
   747 | D:2      | Noticed Natasha
   762 | D:2      | Killed Natasha
   762 | D:2      | Reached XP level 3. HP: 13/30 MP: 4/4
   901 | D:2      | Noticed Ijyb
   905 | D:2      | Noticed Natasha
   925 | D:2      | Killed Natasha
   925 | D:2      | Reached XP level 4. HP: 18/37 MP: 4/6
   926 | D:2      | Killed Ijyb
   926 | D:2      | Reached skill level 1 in Dodging
  1234 | D:2      | Noticed Natasha
  1251 | D:2      | Killed Natasha
  1251 | D:2      | Gained mutation: You have sharp fingernails. [demonic ancestry]
  1251 | D:2      | Reached XP level 5. HP: 36/42 MP: 7/7
  1423 | D:2      | Found an ancient bone altar of Kikubaaqudgha.
  1880 | D:3      | Found a shimmering altar of Xom.
  1952 | D:3      | Found a sparkling altar of Nemelex Xobeh.
  1999 | D:3      | Reached ** piety under Lugonu
  2230 | D:3      | Found an oddly glowing altar of Pakellas.
  2232 | D:3      | Found an iron altar of Okawaru.
  2233 | D:3      | Found a white marble altar of Elyvilon.
  2233 | D:3      | Found a snail-covered altar of Cheibriados.
  2291 | D:3      | Found a sacrificial altar of Ru.
  2819 | D:4      | Gained mutation: You are partially covered in rugged brown scales (AC +1, +3% HP). [demonic ancestry]
  2819 | D:4      | Reached XP level 6. HP: 43/50 MP: 8/8
  3052 | D:4      | Mangled by an ogre

Skill      XL: |  1  2  3  4  5 |
---------------+----------------+-----
Axes           | 2 |  2.8
Armour         | 2 3 4 |  4.1
Fighting       | 4 |  4.4
Dodging        | 1 |  1.2
Invocations    | |  2.9

Action                   |  1- 3 |  4- 6 || total
-------------------------+-------+-------++-------
Melee: Hand axe          |    90 |   172 ||   262
Throw: Javelin           |       |     4 ||     4
Invok: Depart the Abyss  |     1 |       ||     1
  Use: Potion            |     2 |     1 ||     3
  Eat: Chunk             |       |     6 ||     6
Armor: Chain mail        |    35 |       ||    35
       Plate armour      |    37 |   139 ||   176
       Skin              |    14 |     1 ||    15
Dodge: Dodged            |    30 |    70 ||   100
